 Dungeon Crawl Stone Soup version 0.19.4-8-ga85b6b9 (webtiles) character file.

15505 raph the Reanimator (level 12, -2/106 HPs)
             Began as a Deep Dwarf Necromancer on Feb 12, 2017.
             Was a High Priest of Makhleb.
             Slain by a spiny frog (8 damage)
             ... on level 3 of the Lair of Beasts.
             The game lasted 00:53:20 (15297 turns).

raph the Reanimator (Deep Dwarf Necromancer)       Turns: 15297, Time: 00:53:20

Health: -2/106     AC:  9    Str: 18    XL:     12   Next: 1%
Magic:  13/20      EV: 16    Int: 19    God:    Makhleb [*****.]
Gold:   308        SH:  6    Dex: 14    Spells: 5 memorised, 8 levels left

rFire  . . .     SeeInvis .     a - +0 war axe
rCold  + . .     Gourm    .     V - +0 troll leather armour
rNeg   + . .     Faith    +     A - +0 buckler
rPois  .         Spirit   .     v - +0 helmet of Death's Door {rC+}
rElec  .         Reflect  .     (no cloak)
rCorr  .         Harm     .     (no gloves)
MR     +....                    k - +2 pair of boots {Stlth+}
Stlth  +++.......               m - amulet of faith
                                P - ring of positive energy
                                F - +3 ring of evasion

@: mighty, non-regenerating, drained
A: damage resistance, recharge devices, sense surroundings 2, slow regeneration
3
a: Device Recharging, Minor Destruction, Lesser Servant of Makhleb, Major
Destruction, Greater Servant of Makhleb, Renounce Religion


You were on level 3 of the Lair of Beasts.
You worshipped Makhleb.
Makhleb was extremely pleased with you.
You were not hungry.

You visited 3 branches of the dungeon, and saw 13 of its levels.

You collected 506 gold pieces.
You spent 198 gold pieces at shops.

Inventory:

Hand Weapons
 a - a +0 war axe (weapon)
Missiles
 h - 5 poisoned tomahawks
 y - 5 tomahawks (quivered)
Armour
 k - a +2 pair of boots of stealth (worn)
 v - the +0 helmet of Death's Door (worn) {rC+}
   (You took it off Robin on level 2 of the Dungeon)

   It protects you from cold.
 A - a +0 buckler (worn)
 V - a +0 troll leather armour (worn)
Rods
 b - a +1 iron rod (14/14)
   (You found it on level 9 of the Dungeon)
Jewellery
 m - an amulet of faith (around neck)
 t - an uncursed ring of poison resistance {unknown}
 u - an uncursed amulet of rage {unknown}
 E - an uncursed ring of protection from cold
 F - a +3 ring of evasion (left hand)
 P - a ring of positive energy (right hand)
Wands
 c - a wand of heal wounds (6/9)
 C - a wand of enslavement (9/24)
 D - a wand of teleportation (0/9)
 H - a wand of iceblast (1/15)
 K - a wand of confusion (39/48)
 Q - a wand of flame (13/48)
 R - a wand of paralysis (12/24)
Scrolls
 i - 3 scrolls of fog
 s - 3 scrolls of remove curse
 J - a scroll of blinking
 L - a scroll of amnesia
 Y - a scroll of enchant weapon
Potions
 e - 3 potions of brilliance
 g - 3 potions of haste
 j - 2 potions of curing
 l - 2 potions of degeneration
 o - a potion of might
 p - a potion of resistance {unknown}
 q - a potion of lignification {unknown}
 r - 2 potions of beneficial mutation {unknown}
 w - 2 potions of cancellation {unknown}
 z - 2 potions of mutation {unknown}
 G - 3 potions of heal wounds
 M - 2 potions of berserk rage {unknown}
 N - a potion of invisibility {unknown}
 W - a potion of ambrosia {unknown}
Books
 X - a book of Necromancy

   Spells                             Type                      Level
   a - Pain                           Necromancy                   1
   b - Animate Skeleton               Necromancy                   1
   c - Vampiric Draining              Necromancy                   3
   d - Regeneration                   Charms/Necromancy            3
   e - Animate Dead                   Necromancy                   4
   f - Control Undead                 Necromancy                   4
Miscellaneous
 x - a lamp of fire (inert)
 U - a fan of gales
Comestibles
 d - 9 bread rations
 f - a royal jelly
 B - 7 fruits
 S - 2 meat rations


   Skills:
 + Level 6.5(5.6) Fighting
 * Level 10.0(9.1) Axes
 - Level 4.8(4.0) Armour
 - Level 4.5(3.7) Dodging
 - Level 2.4(1.6) Stealth
 + Level 7.5(6.7) Shields
 - Level 5.3(4.5) Spellcasting
 + Level 10.1(9.2) Necromancy
 + Level 7.8(6.9) Invocations
 + Level 6.6(5.7) Evocations


You had 8 spell levels left.
You knew the following spells:

 Your Spells              Type           Power        Failure   Level  Hunger
a - Pain                  Necr           ####         1%          1    None
b - Animate Skeleton      Necr           N/A          1%          1    None
c - Vampiric Draining     Necr           #####.....   1%          3    ###....
d - Control Undead        Necr           #####.....   4%          4    ####...
e - Animate Dead          Necr           N/A          4%          4    ####...


Dungeon Overview and Level Annotations

Branches:
Dungeon (9/15)             Temple (1/1) D:4            Lair (3/6) D:9
    Orc (0/2) D:9
  Swamp: Lair:2-4    Shoals: Lair:2-4     Snake: Lair:2-4    Spider: Lair:2-4

Altars:
Ashenzari
Cheibriados
Dithmenos
Elyvilon
Fedhas
Gozag
Hepliaklqana
Kikubaaqudgha
Makhleb
Nemelex Xobeh
Okawaru
Qazlal
Ru
Sif Muna
Trog
Uskayaw
Vehumet
Xom
Yredelemnul
Zin
The Shining One

Shops:
D:4 *

Annotations:
D:5 1 runed door


Innate Abilities, Weirdness & Mutations

You are resistant to damage.
You can recharge devices by infusing magical energy.
You passively map the area around you.
You do not regenerate.


Message History

Your wolf zombie is engulfed in roaring flames.
J - a scroll of blinking All of the chunks of flesh in your inventory have rotted away.
You start resting.
Your death yak zombie gores the fungus.
Charge which item? (? for menu, Esc to quit)
As you read the scroll of recharging, it crumbles to dust.
Your wand of heal wounds (1/9) glows for a moment and now has 6 charges.
Your death yak zombie gores the fungus.
You swap places.
Found an escape hatch in the floor.
A spiny frog comes into view.
Casting: Animate Dead
Confirm with . or Enter, or press ? or * to list all spells.
You can't see any susceptible monsters within range! (Use Z to cast anyway.)
An iguana comes into view.
The spiny frog gives a loud, deep croak!
The spiny frog stings you!
* * * LOW HITPOINT WARNING * * *
The spiny frog stings you!
You die...

, , #.... ...... * , ,
#..........., * * * *
,,* .....>.... * , * * ,
#..##...## ** . *
#......#.# ## ** #.##
### #.......#...,
##.#.####.###.........#
,, ,
...........#Z.........#
* ,
.........Z...#.Z@..l.##,
, .........###.+...F...#
, * .........#
###......## ......Z..#
#.......#* .........#
###....... , P....Z####
#........ ###.###
...##.... , , ##..##
*P..# ##.# , #....## * ,
* ** ,, ,


You could see a spiny frog, an iguana, a friendly wolf zombie and a friendly
death yak zombie.

Vanquished Creatures
  A hydra (Lair:2)
  Sonja (Lair:2)
  A black mamba (Lair:1)
  A kobold demonologist (D:8)
  A komodo dragon (Lair:2)
  A troll (D:9)
  A polar bear (Lair:1)
  8 blink frogs (Lair:2)
  2 hippogriffs (Lair:1)
  Sigmund (D:4)
  A spriggan (D:7)
  Eustachio (D:7)
  A wyvern (D:8)
  6 yaks
  A basilisk (Lair:1)
  3 hungry ghosts
  6 water moccasins
  2 porcupines (Lair:1)
  2 hell hounds (D:9)
  5 orc warriors
  2 sky beasts
  2 phantoms
  A black bear (D:6)
  A necrophage (D:9)
  4 ogres
  A wolf (Lair:3)
  7 centaurs
  4 crocodiles
  9 big kobolds (D:8)
  9 bullfrogs
  A gnoll sergeant (D:8)
  Blork the orc (D:7)
  A scorpion (D:7)
  A troll zombie (D:9)
  A wight (D:6)
  3 howler monkeys
  A crimson imp (D:5)
  3 hounds
  3 jellies
  3 orc priests
  A bullfrog skeleton (D:9)
  8 orc wizards
  Natasha (thrice) (D:4)
  5 iguanas
  4 worker ants
  A killer bee zombie (D:6)
  4 ogre zombies (D:9)
  A hound zombie (D:8)
  Robin (D:2)
  5 gnolls
  9 adders
  A shadow imp (D:5)
  An ooze (D:2)
  An adder zombie (D:5)
  A worm (D:3)
  A dart slug (D:3)
  5 leopard geckos
  33 orcs
  A ball python (D:5)
  4 bats
  5 giant cockroaches
  24 goblins
  5 hobgoblins
  3 jackals
  4 quokkas
  A ball python skeleton (D:4)
  A frilled lizard (D:2)
  A goblin skeleton (D:9)
  4 goblin zombies (D:9)
  2 hobgoblin skeletons (D:9)
  9 kobolds
  An orc skeleton (D:9)
  8 orc zombies (D:9)
  A quokka skeleton (D:9)
  7 rats
270 creatures vanquished.

Vanquished Creatures (collateral kills)
  3 hydras
  A death yak (Lair:3)
  A black mamba (Lair:2)
  A hippogriff (Lair:3)
  A wyvern (Lair:3)
  6 yaks
  A hungry ghost (D:8)
  A water moccasin (Lair:1)
  An orc warrior (D:8)
  A phantom (D:9)
  A black bear (Lair:2)
  2 wolves (Lair:3)
  A centaur (D:9)
  2 big kobolds
  A crocodile (Lair:2)
  A bullfrog (Lair:2)
  A troll zombie (D:9)
  3 crimson imps
  2 centaur zombies
  An iguana (D:9)
  A worker ant (D:9)
  2 ogre zombies (D:9)
  A howler monkey zombie (D:8)
  An adder (D:9)
  3 orcs
  2 bats
  A goblin (D:2)
  3 jackals (D:6)
  A quokka (D:7)
  A goblin skeleton (D:9)
  An orc skeleton (D:9)
  7 orc zombies (D:9)
  A quokka skeleton (D:4)
  A fungus (Lair:2)
  A plant (Lair:2)
59 creatures vanquished.

Vanquished Creatures (others)
  A quokka (D:4)
  A bush (Lair:2)
  3 fungi
  A plant (Lair:3)
6 creatures vanquished.

Grand Total: 335 creatures vanquished

Notes
Turn   | Place    | Note
-------+----------+-------------------------------------------
     0 | D:1      | raph the Deep Dwarf Necromancer began the quest for the Orb.
     0 | D:1      | Reached XP level 1. HP: 15/15 MP: 3/3
    58 | D:1      | Learned a level 1 spell: Animate Skeleton
   573 | D:1      | Reached XP level 2. HP: 22/22 MP: 2/4
  1162 | D:2      | Found a sparkling altar of Nemelex Xobeh.
  1243 | D:2      | Reached XP level 3. HP: 24/28 MP: 2/6
  1286 | D:2      | Learned a level 3 spell: Vampiric Draining
  1356 | D:2      | Reached skill level 5 in Necromancy
  1806 | D:2      | Noticed Robin
  1813 | D:2      | Killed Robin
  1878 | D:2      | Got a brightly glowing helmet
  1884 | D:2      | Identified the cursed +0 helmet of Death's Door {rC+} (You took it off Robin on level 2 of the Dungeon)
  1979 | D:2      | Found a sparkling altar of Nemelex Xobeh.
  2120 | D:3      | Reached XP level 4. HP: 19/36 MP: 0/7
  3435 | D:3      | Found a blossoming altar of Fedhas.
  3442 | D:3      | Reached XP level 5. HP: 23/42 MP: 0/9
  3726 | D:3      | Learned a level 4 spell: Control Undead
  4123 | D:4      | Found a deep blue altar of Sif Muna.
  4123 | D:4      | Found a faded altar of an unknown god.
  4129 | D:4      | Found a faded altar of an unknown god.
  4145 | D:4      | Found a shattered altar of Ashenzari.
  4147 | D:4      | Found a faded altar of an unknown god.
  4222 | D:4      | Found a white marble altar of Elyvilon.
  4362 | D:4      | Noticed Sigmund
  4370 | D:4      | Killed Sigmund
  4370 | D:4      | Reached skill level 1 in Fighting
  4370 | D:4      | Reached skill level 1 in Armour
  4370 | D:4      | Reached skill level 1 in Shields
  4370 | D:4      | Reached XP level 6. HP: 41/51 MP: 3/10
  4561 | D:4      | Found a glowing golden altar of the Shining One.
  4664 | D:4      | Found a staircase to the Ecumenical Temple.
  4726 | D:4      | Found Deifeano's General Store.
  4732 | D:4      | Bought a +0 pair of boots of stealth for 138 gold pieces
  4769 | D:4      | Noticed Natasha
  4789 | D:4      | Reached XP level 7. HP: 33/57 MP: 4/12
  4907 | D:4      | Killed Natasha
  4965 | D:4      | Noticed Natasha
  4969 | D:4      | Killed Natasha
  4979 | Temple   | Entered the Ecumenical Temple
  5043 | Temple   | Became a worshipper of Makhleb the Destroyer
  5158 | D:4      | Noticed Natasha
  5165 | D:4      | Killed Natasha
  5246 | D:4      | Learned a level 4 spell: Animate Dead
  5262 | D:5      | Entered Level 5 of the Dungeon
  5441 | D:4      | Bought a potion of heal wounds for 60 gold pieces
  5835 | D:6      | Reached XP level 8. HP: 44/68 MP: 4/13
  5988 | D:6      | Reached skill level 1 in Axes
  6260 | D:5      | Reached * piety under Makhleb
  6365 | D:5      | Found a bloodstained altar of Trog.
  6771 | D:5      | Found a runed door.
  8084 | D:7      | Noticed Eustachio
  8086 | D:7      | Noticed Blork the orc
  8115 | D:6      | Gained mutation: You passively map the area around you. [Deep Dwarf growth]
  8115 | D:6      | Reached XP level 9. HP: 25/76 MP: 0/15
  8232 | D:7      | Killed Blork the orc
  8407 | D:7      | Killed Eustachio
  8551 | D:7      | Reached skill level 5 in Axes
  8551 | D:7      | Reached skill level 1 in Invocations
  8566 | D:7      | Reached ** piety under Makhleb
  8933 | D:7      | Reached skill level 1 in Evocations
  9278 | D:8      | Noticed a kobold demonologist
  9286 | D:8      | Noticed an ice devil
  9304 | D:8      | Noticed a smoke demon
  9504 | D:8      | Reached skill level 5 in Spellcasting
  9614 | D:8      | Reached skill level 5 in Shields
  9632 | D:8      | Noticed a smoke demon
  9636 | D:8      | Killed a kobold demonologist
  9739 | D:8      | Reached XP level 10. HP: 81/87 MP: 9/17
  9917 | D:8      | Reached *** piety under Makhleb
 10200 | D:8      | Found an iron altar of Okawaru.
 11161 | D:9      | Found a staircase to the Orcish Mines.
 11175 | D:9      | Reached **** piety under Makhleb
 11429 | D:9      | Reached skill level 5 in Invocations
 11431 | D:9      | Reached skill level 5 in Fighting
 11604 | D:9      | Reached ***** piety under Makhleb
 11658 | D:9      | Found a staircase to the Lair.
 12075 | Lair:1   | Entered Level 1 of the Lair of Beasts
 12432 | Lair:1   | Reached XP level 11. HP: 96/96 MP: 9/19
 12599 | Lair:1   | Noticed an eight-headed hydra
 12605 | Lair:1   | Killed an eight-headed hydra
 12815 | Lair:1   | Found a snail-covered altar of Cheibriados.
 13514 | Lair:2   | Noticed an eight-headed hydra
 13665 | Lair:2   | Reached skill level 5 in Evocations
 13828 | Lair:2   | Killed an eight-headed hydra
 13941 | Lair:2   | Noticed an eight-headed hydra
 13948 | Lair:2   | Killed an eight-headed hydra
 14137 | Lair:2   | Noticed a six-headed hydra
 14149 | Lair:2   | Killed a seven-headed hydra
 14401 | Lair:2   | Noticed Sonja
 14679 | Lair:2   | Noticed a five-headed hydra
 14717 | Lair:2   | Killed Sonja
 14718 | Lair:2   | Reached skill level 10 in Necromancy
 15204 | Lair:2   | Noticed a death yak
 15265 | Lair:3   | Killed a death yak
 15265 | Lair:3   | Reached skill level 10 in Axes
 15265 | Lair:3   | Reached XP level 12. HP: 20/106 MP: 20/20
 15297 | Lair:3   | Slain by a spiny frog

Skill      XL: |  1  2  3  4  5  6  7  8  9 10 11 |
---------------+----------------------------------+-----
Spellcasting   | 2 3 4 5 |  5.3
Necromancy     | 5 6 7 8 9 10 | 10.1
Dodging        | 3 4 |  4.5
Fighting       | 1 2 3 4 5 6 |  6.5
Armour         | 1 2 3 4 |  4.8
Shields        | 1 2 4 5 6 7 |  7.5
Axes           | 4 5 8 10 | 10.0
Invocations    | 3 5 7 |  7.8
Evocations     | 2 4 6 |  6.6
Stealth        | |  2.4

Action                   |  1- 3 |  4- 6 |  7- 9 | 10-12 || total
-------------------------+-------+-------+-------+-------++-------
Melee: Unarmed           |     8 |       |       |       ||     8
       Dagger            |     8 |    36 |    45 |       ||    89
       War axe           |       |       |   198 |   270 ||   468
 Cast: Pain              |    67 |    69 |   138 |   229 ||   503
       Animate Skeleton  |    15 |    14 |    15 |    25 ||    69
       Vampiric Draining |     6 |    19 |    55 |    88 ||   168
       Control Undead    |       |     1 |     7 |     8 ||    16
       Animate Dead      |       |       |    13 |    17 ||    30
Invok: Major Destruction |       |       |       |     5 ||     5
       Lesser Servant of |       |       |       |     2 ||     2
Evoke: Wand              |       |       |     8 |    11 ||    19
       Rod               |       |       |       |     3 ||     3
       Lamp of fire      |       |       |       |     1 ||     1
  Use: Scroll            |       |     9 |     7 |     4 ||    20
       Potion            |       |       |       |     1 ||     1
 Stab: Sleeping          |     1 |     1 |     3 |       ||     5
       Distracted        |       |       |     2 |     1 ||     3
  Eat: Chunk             |     4 |     9 |    14 |    25 ||    52
       Beef jerky        |     1 |       |     3 |       ||     4
       Pizza             |       |     1 |     1 |     1 ||     3
       Meat ration       |       |       |     2 |       ||     2
       Bread ration      |       |       |     1 |       ||     1
Armor: Robe              |    30 |     3 |       |       ||    33
       Leather armour    |       |     9 |    75 |    77 ||   161
       Troll leather arm |       |       |       |    73 ||    73
Dodge: Dodged            |    55 |    38 |   283 |   469 ||   845
Block: Buckler           |       |       |    59 |   180 ||   239
